 Dungeon Crawl Stone Soup version 0.28.0-43-g3370ac3207 (webtiles) character file.

Game seed: 14020069183115945731

32 jimonade the Caller (level 3, -5/31 HPs)
             Began as a Gnoll Wanderer on Mar 17, 2022.
             Slain by a gnoll
             ... wielding a +0 flail
              (6 damage)
             ... on level 2 of the Dungeon.
             The game lasted 00:04:38 (1292 turns).

jimonade the Caller (Gnoll Wanderer)                Turns: 1292, Time: 00:04:39

Health: -5/31      AC:  8    Str: 10    XL:     3   Next: 27%
Magic:  7/7        EV:  4    Int: 15    God:
Gold:   43         SH:  0    Dex: 10    Spells: 7/7 levels left

rFire   . . .      SeeInvis .   g - +0 quarterstaff
rCold   . . .      Faith    .   (shield currently unavailable)
rNeg    . . .      Spirit   .   h - +0 chain mail
rPois   .          Reflect  .   (no helmet)
rElec   .          Harm     .   (no cloak)
rCorr   .          Rampage  .   (no gloves)
Will    .....                   (no boots)
Stlth   ..........              l - amulet of magic regeneration
HPRegen 0.10/turn               (no ring)
MPRegen 0.50/turn               (no ring)

@: invisible (expiring)
A: fangs 1, strong nose, distributed training
a: no special abilities


You were on level 2 of the Dungeon.
You visited 1 branch of the dungeon, and saw 2 of its levels.

You collected 43 gold pieces.

Inventory:

Hand Weapons
 a - a +0 dagger
 g - a +0 quarterstaff (weapon)
Missiles
 d - 60 stones (quivered)
 n - 17 sling bullets
Armour
 b - a +0 scale mail
 e - a +0 ring mail
 h - a +0 chain mail (worn)
 i - a +0 leather armour
 m - a +0 robe
Jewellery
 l - an amulet of magic regeneration (around neck)
Scrolls
 c - a scroll of identify
Potions
 f - a potion of attraction {unknown}
 j - a potion of invisibility
 k - 2 potions of heal wounds {unknown}
 o - a potion of curing {unknown}


   Skills:
 + Level 4.5 Fighting
 + Level 0.7 Short Blades
 + Level 0.7 Long Blades
 + Level 0.7 Axes
 + Level 0.7 Maces & Flails
 + Level 0.7 Polearms
 + Level 0.7 Staves
 + Level 0.7 Slings
 + Level 0.7 Bows
 + Level 0.7 Crossbows
 + Level 2.6 Throwing
 + Level 2.6 Armour
 + Level 0.7 Dodging
 + Level 0.7 Stealth
 + Level 0.7 Shields
 + Level 0.7 Unarmed Combat
 + Level 2.8 Spellcasting
 + Level 0.5 Conjurations
 + Level 2.1 Hexes
 + Level 5.4 Summonings
 + Level 0.5 Necromancy
 + Level 0.5 Translocations
 + Level 0.5 Transmutations
 + Level 0.5 Fire Magic
 + Level 0.5 Ice Magic
 + Level 0.5 Air Magic
 + Level 0.5 Earth Magic
 + Level 0.5 Poison Magic
 + Level 0.9 Invocations
 + Level 2.6 Evocations


You had 7 spell levels left.
You didn't know any spells.
Your spell library contained the following spells:

 Spells                   Type           Power      Damage    Failure   Level
 Summon Small Mammal      Summ           72%        N/A       83%         1
 Call Imp                 Summ           18%        N/A       92%         2
 Slow                     Hex            32%        N/A       99%         1
 Inner Flame              Hex/Fire       6%         N/A       100%        3
 Summon Lightning Spire   Summ/Air       11%        N/A       100%        4


Dungeon Overview and Level Annotations

Branches:
Dungeon (2/15)

Altars:


Innate Abilities, Weirdness & Mutations

You have very sharp teeth.
Your uncanny sense of smell can sniff out nearby items.
Your experience applies equally to all skills.


Message History

The throwing net barely misses you.
You see here an amethyst potion.
o - an amethyst potion
There is an open door here.
You hit the gnoll.
The gnoll is lightly wounded.
The gnoll completely misses you.
You hit the gnoll.
The gnoll is severely wounded.
The gnoll completely misses you.
You hit the gnoll but do no damage. Your bite misses the gnoll.
The gnoll is severely wounded.
The gnoll barely misses you.
You closely miss the gnoll.
The gnoll is severely wounded.
The gnoll hits you with a +0 flail! x2
You completely miss the gnoll.
The gnoll is severely wounded.
The gnoll hits you with a +0 flail!
* * * LOW HITPOINT WARNING * * *
As you read the scroll labelled TOXUKA VAIGG, it crumbles to dust.
It is a scroll of identify.
j - 2 potions of invisibility The gnoll completely misses you.
You fade into invisibility!
The gnoll hits you with a +0 flail.
* * * LOW HITPOINT WARNING * * *
There is an open door here.
You flicker for a moment.
You completely miss the gnoll.
The gnoll is severely wounded.
The gnoll hits you with a +0 flail.
* * * LOW HITPOINT WARNING * * *
You completely miss the gnoll.
The gnoll is severely wounded.
The gnoll barely misses you. x2
You hit the gnoll.
The gnoll is severely wounded.
The gnoll hits you with a +0 flail.
You die...

##########...###.#
#....'...# #....#####
####)...# #.......#
#.......# #.......# ..
#.......############...
###.....@ggg.........#
#....###...........#
#....# #...........#
#....# #g..........#
#....# #g..........#
#....# #...........#
#....# #...........# #
###### #...........# #
#..........## ##


You could see 3 gnolls.

Vanquished Creatures
  A dart slug (D:1)
  2 bats
  4 endoplasms
  3 goblins
  5 hobgoblins
  A quokka (D:1)
  3 ball pythons
  5 frilled lizards
  2 kobolds (D:1)
  3 rats (D:1)
29 creatures vanquished.

Notes
Turn   | Place    | Note
-------+----------+-------------------------------------------
     0 | D:1      | jimonade the Gnoll Wanderer began the quest for the Orb.
     0 | D:1      | jimonade set off with the following items: a +0 dagger, a
                  | +0 scale mail; and the following spells available to
                  | memorise: Summon Small Mammal, Call Imp, Slow, Inner Flame,
                  | Summon Lightning Spire
     0 | D:1      | Reached XP level 1. HP: 20/20 MP: 4/4
   262 | D:1      | Reached XP level 2. HP: 26/26 MP: 5/5
   962 | D:2      | Reached XP level 3. HP: 31/31 MP: 7/7
  1290 | D:2      | HP: 1/31 [gnoll/+0 flail (6)]
  1292 | D:2      | Slain by a gnoll

Illustrated notes

Levels and vault maps discovered:
D:1:      tarquinn_simple_flora_water_c, layout_basic
D:2:      layout_basic, shapermc_ecumenical_altar_notcrosses,
          nicolae_grassy_gnolls, uniq_sigmund

Skill      XL: |  1 |
---------------+----+-----
Hexes          | 2 |  2.1
Fighting       | |  4.5
Short Blades   | |  0.7
Long Blades    | |  0.7
Axes           | |  0.7
Maces & Flails | |  0.7
Polearms       | |  0.7
Staves         | |  0.7
Slings         | |  0.7
Bows           | |  0.7
Crossbows      | |  0.7
Throwing       | |  2.6
Armour         | |  2.6
Dodging        | |  0.7
Stealth        | |  0.7
Shields        | |  0.7
Unarmed Combat | |  0.7
Spellcasting   | |  2.8
Conjurations   | |  0.5
Summonings     | |  5.4
Necromancy     | |  0.5
Translocations | |  0.5
Transmutations | |  0.5
Fire Magic     | |  0.5
Ice Magic      | |  0.5
Air Magic      | |  0.5
Earth Magic    | |  0.5
Poison Magic   | |  0.5
Invocations    | |  0.9
Evocations     | |  2.6

Action                   || total
-------------------------++-------
Melee: Quarterstaff      ||    77
       Bite              ||     4
Throw: Stone             ||     1
  Use: Scroll            ||     1
       Potion            ||     1
Armor: Chain mail        ||    46
Dodge: Dodged            ||    17
